 Dungeon Crawl Stone Soup version 0.18-a0-1589-g520a787 (webtiles) character file.

54339 MrRokkomies the Grappler (level 14, -2/143 HPs)
             Began as a Troll Artificer on Mar 18, 2016.
             Was the Champion of Pakellas.
             Slain by a boulder beetle (35 damage)
             ... on level 8 of the Lair of Beasts on Mar 19, 2016.
             The game lasted 03:13:27 (16634 turns).

MrRokkomies the Grappler (Troll Artificer)         Turns: 16634, Time: 03:13:28

Health: -2/143     AC: 17    Str: 22    XL:     14   Next: 34%
Magic:  21/21      EV: 12    Int: 13    God:    Pakellas [******]
Gold:   124        SH: 11    Dex: 17    Spells: 0 memorised, 13 levels left

rFire  . . .     SeeInvis .       - Unarmed
rCold  . . .     Gourm    +     S - +0 pearl dragon armour
rNeg   + . .     Faith    .     z - +0 shield
rPois  +         Spirit   .     Q - +0 hat {Int+3}
rElec  .         Dismiss  .     G - +1 cloak {rPois}
rCorr  .         Reflect  .     (gloves unavailable)
SustAt .         Harm     .     (boots unavailable)
MR     +....                    p - amulet of regeneration
Stlth  ..........               i - +5 ring of dexterity
                                c - +4 ring of evasion

@: somewhat resistant to hostile enchantments, extremely unstealthy
A: unfitting armour, claws 3, fast metabolism 3, gourmand, regeneration 2,
shaggy fur 1, tough skin 2
a: Quick Charge, Device Surge, Renounce Religion


You were on level 8 of the Lair of Beasts.
You worshipped Pakellas.
Pakellas was exalted by your worship.
You were full.

You visited 2 branches of the dungeon, and saw 20 of its levels.
You also visited: Volcano.

You collected 1650 gold pieces.
You spent 1526 gold pieces at shops.

Inventory:

Missiles
 h - 57 poisoned needles
 v - 13 tomahawks
 x - 15 javelins (quivered)
 E - a throwing net
 O - 8 curare-tipped needles
Armour
 z - a +0 shield (worn)
 G - a +1 cloak of poison resistance (worn)
 Q - a +0 hat of intelligence (worn)
 S - a +0 pearl dragon armour (worn)
Rods
 b - a +4 rod of ignition (9/9)
   (Pakellas gifted it to you on level 9 of the Dungeon)
 P - a +10 iron rod (4/18)
   (You found it on level 12 of the Dungeon)
Jewellery
 c - a +4 ring of evasion (left claw)
 i - a +5 ring of dexterity (right claw)
 p - an amulet of regeneration (around neck)
Wands
 d - a wand of enslavement (9/24)
 j - a wand of acid (8/15)
 m - a wand of polymorph (12/24)
 n - a wand of iceblast (7/15)
 s - a wand of digging (9/24)
 D - a wand of iceblast (5/15)
 H - a wand of flame (31/48)
 N - a wand of disintegration (12/24)
Scrolls
 g - 10 scrolls of remove curse
 y - 3 scrolls of identify
 C - 3 scrolls of immolation
 K - a scroll of enchant weapon
Potions
 a - a potion of agility
 k - a potion of invisibility
 l - 7 potions of curing
 o - 5 potions of flight
 t - a potion of resistance
 u - 2 potions of lignification
 w - a potion of heal wounds
 A - 13 potions of magic
 B - 2 potions of berserk rage
 J - 4 potions of might
 L - a potion of ambrosia
Miscellaneous
 e - a lantern of shadows
Comestibles
 f - 17 bread rations
 q - 11 meat rations
 r - 6 fruits
 F - 9 beef jerkies
 I - a royal jelly
 R - 6 slices of pizza


   Skills:
 - Level 10.1 Fighting
   Level 0.7 Short Blades
 * Level 4.4 Armour
 - Level 1.5 Dodging
 - Level 0.4 Stealth
 - Level 9.1 Shields
 - Level 12.0 Unarmed Combat
 - Level 11.7 Evocations


You had 13 spell levels left.
You didn't know any spells.

Dungeon Overview and Level Annotations

Branches:
Dungeon (12/15)            Temple (0/1) D:7            Lair (8/8) D:9
 Shoals (0/4) Lair:4        Snake (0/4) Lair:5        Slime (0/6) Lair:7
    Orc: D:9-12

Altars:
Ashenzari
Cheibriados
Dithmenos
Fedhas
Gozag
Kikubaaqudgha
Okawaru
Pakellas
Qazlal
Ru
Trog
Vehumet
Xom
Yredelemnul
Zin

Shops:
D:9 [   D:10 [

Portals:
Ice
Cave: Lair:8

Annotations:
D:10 Maud
Lair:6 exclusion: oklob plant


Innate Abilities, Weirdness & Mutations

You are too large for most types of armour.
You have claws for hands.
Your metabolism is lightning-fast.
You like to eat raw meat.
You heal very quickly.
You are covered in fur (AC +1).
You have very tough skin (AC +2).


Message History

You start resting.
The boulder beetle is no longer charmed.
You claw the boulder beetle!
The boulder beetle is heavily wounded.
You block the boulder beetle's attack.
You scratch the boulder beetle but do no damage.
The boulder beetle is heavily wounded.
You scratch the boulder beetle.
The boulder beetle is heavily wounded.
You scratch the boulder beetle.
The boulder beetle is heavily wounded.
The boulder beetle bites you!!
* * * LOW HITPOINT WARNING * * *
You mangle the boulder beetle!!
The boulder beetle is almost dead.
You scratch the boulder beetle but do no damage.
The boulder beetle is almost dead.
The boulder beetle bites you!!
You die...
Pakellas says: That's one more possible approach eliminated.

,,,,,,...............#..,,,,,,,,,
,,,,,,................#.,,,,,,,**
,,,,,,...P.......P......,,,,,,**
,,,,,,............PP....,,,,,,,*
,,,,,,\.....P...<.PP..#,.,,,,,,**
**,,,,......P....PPPP.#..,,,,,,,,
***,,,.....P......PP...#,,,,,,,**
*,,,,....P......P....#.,,,,,,,,*
*,,,,..........@....#..,,,,,,,,*
****,.....P....B.####*.,,,,,,,,*
*,*..####..#.### **,,,,,,,***
***#.* ##.### *,*,,,,,,* *** ##*
****,**,** ******


You could see a boulder beetle.

Vanquished Creatures
  Gastronok (D:11)
  Erolcha (D:9)
  5 hydras
  A catoblepas (Lair:6)
  3 death yaks (Lair:4)
  Urug (Lair:1)
  A griffon (Lair:6)
  A manticore (Volcano)
  Joseph (D:9)
  4 elephants
  15 black mambas
  A torpor snail (Lair:4)
  2 molten gargoyles (Volcano)
  15 spiny frogs
  2 rime drakes
  6 komodo dragons
  A troll (D:11)
  A polar bear (Lair:5)
  3 slime creatures
  Grinder (D:5)
  21 blink frogs
  Dowan (D:6)
  Sigmund (D:5)
  3 fire bats (Lair:3)
  5 basilisks
  A wraith (D:11)
  36 yaks
  2 steam dragons
  2 vampire mosquitoes (Lair:8)
  10 hippogriffs
  Menkaure (D:5)
  4 mottled dragons (Volcano)
  20 water moccasins
  16 soldier ants (D:11)
  15 porcupines
  2 orc warriors
  3 sky beasts
  8 ice beasts
  3 black bears
  An eye of draining (D:8)
  A necrophage (D:10)
  A phantom (D:5)
  2 wasps (D:9)
  5 ogres
  14 wolves
  The ghost of SirMumm the Magician, an amateur DgAE (D:3)
  12 crocodiles
  6 centaurs
  2 big kobolds
  28 giant frogs
  4 scorpions
  6 wights
  5 crimson imps
  A centaur zombie (D:6)
  A giant frog zombie (D:11)
  9 hounds
  5 jellies
  4 centaur skeletons
  2 giant frog skeletons
  5 orc priests
  11 orc wizards
  Jessica (D:3)
  4 iguanas
  3 hell rats
  22 worker ants
  40 sheep
  A hound zombie (D:6)
  A hound skeleton (D:5)
  A worker ant zombie (D:7)
  58 river rats
  6 adders
  A shadow imp (D:7)
  A white imp (D:9)
  An ooze (D:1)
  2 adder skeletons (D:8)
  4 worms
  2 dart slugs (D:3)
  5 giant geckos
  44 orcs
  3 ball pythons
  10 bats
  6 giant cockroaches
  9 goblins
  10 hobgoblins
  15 jackals
  10 kobolds
  2 quokkas (D:7)
  A giant gecko skeleton (D:4)
  4 giant newts
  14 rats
  2 fungi
  A plant (Lair:5)
630 creatures vanquished.

Vanquished Creatures (collateral kills)
  A soldier ant (D:11)
  A vampire mosquito (Lair:8)
  2 orc priests (D:6)
  2 orc wizards
  3 orcs
  A kobold (D:11)
10 creatures vanquished.

Vanquished Creatures (others)
  A queen ant (D:11)
  The ghost of trgk the Thaumaturge, a journeyman DECj of Vehumet (Lair:2)
  Psyche (D:11)
  A komodo dragon (Lair:8)
  3 soldier ants (D:11)
  Duvessa (D:6)
  A porcupine (Lair:1)
  A fulminant prism (Lair:2)
  4 fungi
  A plant (Lair:6)
  11 toadstools (Lair:5)
26 creatures vanquished.

Grand Total: 666 creatures vanquished

Notes
Turn   | Place    | Note
--------------------------------------------------------------
     0 | D:1      | MrRokkomies the Troll Artificer began the quest for the Orb.
     0 | D:1      | Reached XP level 1. HP: 18/18 MP: 1/1
    10 | D:1      | Reached skill level 1 in Fighting
    18 | D:1      | Reached skill level 1 in Unarmed Combat
    49 | D:1      | Reached XP level 2. HP: 25/27 MP: 2/2
   519 | D:1      | You fall through a shaft!
   589 | D:2      | Reached XP level 3. HP: 35/35 MP: 3/3
   703 | D:2      | Reached skill level 2 in Unarmed Combat
   850 | D:2      | Found a shadowy altar of Dithmenos.
  1720 | D:2      | Found an opulent altar of Gozag.
  1865 | D:3      | Reached XP level 4. HP: 34/42 MP: 4/4
  1929 | D:3      | Noticed Jessica
  1933 | D:3      | Reached skill level 3 in Unarmed Combat
  1938 | D:3      | Killed Jessica
  2029 | D:3      | Reached XP level 5. HP: 50/50 MP: 5/5
  2049 | D:3      | Noticed SirMumm's ghost (amateur DgAE)
  2067 | D:3      | Killed SirMumm's ghost
  2123 | D:3      | Found a snail-covered altar of Cheibriados.
  2401 | D:4      | Reached skill level 4 in Unarmed Combat
  2539 | D:4      | Reached XP level 6. HP: 49/61 MP: 6/6
  2903 | D:5      | Entered Level 5 of the Dungeon
  2942 | D:5      | Found an oddly glowing altar of Pakellas.
  2947 | D:5      | Became a worshipper of Pakellas the Inventive
  2979 | D:5      | Noticed a sky beast
  2994 | D:5      | Killed a sky beast
  2994 | D:5      | Reached skill level 5 in Unarmed Combat
  2994 | D:5      | Reached XP level 7. HP: 68/71 MP: 7/7
  3257 | D:5      | Noticed Sigmund
  3274 | D:5      | Killed Sigmund
  3274 | D:5      | Reached skill level 5 in Fighting
  3274 | D:5      | Reached skill level 6 in Unarmed Combat
  3377 | D:5      | Found an iron altar of Okawaru.
  3410 | D:5      | Reached * piety under Pakellas
  3419 | D:5      | Found a sacrificial altar of Ru.
  3533 | D:5      | Reached XP level 8. HP: 80/80 MP: 8/8
  3559 | D:5      | Noticed Menkaure
  3564 | D:5      | Killed Menkaure
  3592 | D:5      | Noticed Grinder
  3600 | D:5      | Killed Grinder
  3600 | D:5      | Reached skill level 7 in Unarmed Combat
  3814 | D:6      | Reached skill level 1 in Shields
  3889 | D:6      | Noticed Duvessa
  3891 | D:6      | Noticed Dowan
  3898 | D:6      | Your ally died
  3901 | D:6      | Killed Dowan
  4132 | D:6      | Found a shattered altar of Ashenzari.
  4584 | D:7      | Reached XP level 9. HP: 88/88 MP: 11/11
  4691 | D:7      | Reached ** piety under Pakellas
  4691 | D:7      | Received a gift from Pakellas
  4772 | D:7      | Reached skill level 5 in Evocations
  4963 | D:7      | Found a shimmering altar of Xom.
  4963 | D:7      | Found a stormy altar of Qazlal.
  4964 | D:7      | Found a glowing silver altar of Zin.
  5128 | D:7      | Found a staircase to the Ecumenical Temple.
  5367 | D:8      | Reached skill level 5 in Shields
  5373 | D:8      | Reached *** piety under Pakellas
  5422 | D:8      | Found a basalt altar of Yredelemnul.
  5455 | D:8      | Found a bloodstained altar of Trog.
  5939 | D:9      | Reached XP level 10. HP: 80/96 MP: 13/13
  6060 | D:9      | Noticed Erolcha
  6065 | D:9      | Killed Erolcha
  6130 | D:9      | Found an ancient bone altar of Kikubaaqudgha.
  6144 | D:9      | Found a blossoming altar of Fedhas.
  6147 | D:9      | Found a basalt altar of Yredelemnul.
  6236 | D:9      | Reached **** piety under Pakellas
  6236 | D:9      | Received a gift from Pakellas
  6314 | D:9      | Identified a +4 rod of ignition (9/9) (Pakellas gifted it to you on level 9 of the Dungeon)
  6321 | D:9      | Noticed an elephant
  6322 | D:9      | Noticed Joseph
  6343 | D:9      | Killed Joseph
  6412 | D:8      | Killed an elephant
  6560 | D:9      | Found Manaqeurgh's Antique Armour Boutique.
  6571 | D:9      | Bought an embroidered cloak for 126 gold pieces
  6649 | D:9      | Found a staircase to the Lair.
  6877 | D:10     | Entered Level 10 of the Dungeon
  6904 | D:10     | Identified a scroll of acquirement
  7225 | D:10     | Reached skill level 8 in Unarmed Combat
  7297 | D:10     | Found Soirieng's Armour Shop.
  7506 | D:11     | Noticed Psyche
  7507 | D:11     | Noticed Maud
  7512 | D:11     | Reached ***** piety under Pakellas
  7516 | D:11     | Your ally died
  7901 | D:11     | Reached XP level 11. HP: 101/104 MP: 16/16
  8190 | D:11     | Reached skill level 9 in Unarmed Combat
  8302 | D:11     | Noticed a queen ant
  9011 | D:11     | Noticed Gastronok
  9075 | D:11     | Killed Gastronok
  9075 | D:11     | Reached skill level 10 in Unarmed Combat
  9493 | Lair:1   | Entered Level 1 of the Lair of Beasts
  9586 | Lair:1   | Noticed Urug
  9637 | Lair:1   | Killed Urug
  9637 | Lair:1   | Reached ****** piety under Pakellas
  9803 | Lair:1   | Identified a +10 iron rod (18/18) (supercharged by Pakellas)
  9813 | Lair:1   | Reached skill level 10 in Evocations
  9813 | Lair:1   | Reached XP level 12. HP: 87/111 MP: 5/18
  9826 | Lair:1   | Reached skill level 11 in Unarmed Combat
 10496 | Lair:2   | Noticed trgk's ghost (journeyman DECj)
 10523 | Lair:2   | Killed trgk's ghost
 10632 | Lair:2   | Noticed a four-headed hydra
 10638 | Lair:2   | Killed a four-headed hydra
 10814 | Lair:2   | Received a gift from Pakellas
 10908 | Lair:2   | Found a radiant altar of Vehumet.
 10955 | Lair:2   | Noticed an eight-headed hydra
 10960 | Lair:2   | Killed an eight-headed hydra
 10960 | Lair:2   | Reached skill level 12 in Unarmed Combat
 11235 | Lair:3   | Found a dark tunnel.
 11315 | Volcano  | Entered a volcano
 11402 | Volcano  | Found a burning altar of Makhleb.
 12285 | Lair:3   | Reached XP level 13. HP: 115/124 MP: 19/19
 12710 | Lair:4   | Upgraded the game from 0.18-a0-1584-g146024a to 0.18-a0-1589-g520a787
 12822 | Lair:4   | Found a staircase to the Shoals.
 13486 | Lair:5   | Found a staircase to the Snake Pit.
 14888 | Lair:6   | Reached XP level 14. HP: 141/141 MP: 21/21
 15066 | Lair:6   | Reached skill level 10 in Fighting
 15635 | D:10     | Bought a +0 pearl dragon armour for 1400 gold pieces
 15778 | Lair:7   | Found a staircase to the Slime Pits.
 15782 | Lair:7   | Received a gift from Pakellas
 15806 | Lair:7   | Reached skill level 1 in Armour
 16507 | Lair:8   | Entered Level 8 of the Lair of Beasts
 16583 | Lair:8   | Found a frozen archway.
 16634 | Lair:8   | Slain by a boulder beetle

Vault maps used:
D:1:      mrwooster_arrival_statue_3
D:2:      grunt_dithmenos_smoke, lemuel_doored_altar, first_bread
D:3:      lemuel_crystal_altar, uniq_jessica
D:5:      kennysheep_little_box, okawaru_ov_weapons_minmay,
          johnstein_pakellas_death_squad, uniq_menkaure, uniq_grinder,
          uniq_sigmund
D:6:      basic_altar, uniq_duvessa
D:7:      gammafunk_temple_overflow_forgotten,
          minmay_temple_entry_enclosed_plants, grunt_ogre_cave
D:8:      basic_altar, trog_ov_bears_minmay
D:9:      minitemple, david_lair_generic, serial_shops, shop,
          minmay_fire_ice_demons, uniq_erolcha, uniq_joseph
D:10:     serial_shops, shop
D:11:     minivault_29, uniq_psyche, uniq_maud, uniq_gastronok
D:12:     erik_orc_1, basic_altar, uniq_azrael
Lair:1:   beast_lair_carwin_large_1, uniq_urug
Lair:2:   basic_altar, serial_bayou_ford_a, beast_lair_carwin_2
Lair:3:   nicolae_volcano_entry_batcave
Lair:4:   minmay_shoals_entry_centaurs, kennysheep_basilisk_garden
Lair:5:   gammafunk_lair_enchanted_lake, minmay_snake_entry_six_corridors
Lair:6:   kennysheep_abandoned_house, hangedman_lair_generics_rect
Lair:7:   minmay_slime_entry_pillars, minivault_19,
          eino_small_chamber_without_monster, serial_bayou_shore_b,
          serial_bayou_shore_b, infiniplex_staircase_pool
Lair:8:   minmay_lair_end_frog_pond, special_room,
          portal_ice_cave_entry_ice_beasts
Volcano:  volcano_lake

Skill      XL: |  1  2  3  4  5  6  7  8  9 10 11 12 13 14 |
---------------+-------------------------------------------+-----
Fighting       | 1 2 3 4 5 7 9 10 | 10.1
Unarmed Combat | 1 2 3 4 5 6 7 8 10 12 | 12.0
Evocations     | 4 6 8 10 11 | 11.7
Shields        | 3 5 7 8 9 |  9.1
Armour         | 4 |  4.4
Short Blades   | |  0.7
Dodging        | |  1.5
Stealth        | |  0.4

Action                   |  1- 3 |  4- 6 |  7- 9 | 10-12 | 13-15 || total
-------------------------+-------+-------+-------+-------+-------++-------
Melee: Unarmed           |   130 |   146 |   339 |   922 |   685 ||  2222
Throw: Tomahawk          |       |       |     1 |       |       ||     1
       Javelin           |       |       |    16 |    26 |    16 ||    58
Invok: Device Surge      |       |       |       |     1 |       ||     1
       Supercharge       |       |       |       |     1 |       ||     1
Evoke: Wand              |     1 |       |    19 |    18 |     2 ||    40
       Rod               |       |       |       |    30 |    22 ||    52
  Use: Scroll            |     6 |     5 |     8 |    15 |     5 ||    39
       Potion            |       |       |       |     8 |     2 ||    10
 Stab: Distracted        |       |     1 |       |       |       ||     1
       Sleeping          |       |     2 |       |     4 |     2 ||     8
  Eat: Chunk             |    13 |    11 |    33 |    63 |    52 ||   172
       Pizza             |       |       |       |     4 |       ||     4
